 Dungeon Crawl Stone Soup version 0.19-a0-994-g3c636f0 (webtiles) character file.

172 matakusis the Ducker (level 5, -4/41 HPs)
             Began as a Demonspawn Gladiator on July 17, 2016.
             Slain by a sky beast (6 damage)
             ... on level 3 of the Dungeon.
             The game lasted 00:07:47 (3017 turns).

matakusis the Ducker (Demonspawn Gladiator)         Turns: 3017, Time: 00:07:48

Health: -4/41      AC:  4    Str: 16    XL:     5   Next: 27%
Magic:  5/5        EV: 13    Int:  9    God:
Gold:   138        SH:  0    Dex: 14    Spells: 0 memorised, 4 levels left

rFire  + . .     SeeInvis .     a - +0 long sword
rCold  . . .     Gourm    .     b - +1 leather armour
rNeg   . . .     Faith    .     (no shield)
rPois  .         Spirit   .     (helmet restricted)
rElec  .         Dismiss  .     (no cloak)
rCorr  .         Reflect  .     (no gloves)
SustAt .         Harm     .     (no boots)
MR     .....                    (no amulet)
Stlth  +.........               (no ring)
                                g - ring of protection from fire

@: not resistant to hostile enchantments, very unstealthy
A: antennae 2, powered by pain 1
a: no special abilities


You were on level 3 of the Dungeon.
You were not hungry.

You visited 1 branch of the dungeon, and saw 3 of its levels.

You collected 138 gold pieces.

Inventory:

Hand Weapons
 a - a +0 long sword (weapon)
Missiles
 d - 3 throwing nets (quivered)
Armour
 b - a +1 leather armour (worn)
Jewellery
 g - a ring of protection from fire (left hand)
Wands
 p - a wand of confusion (29/48)
Scrolls
 e - a scroll of enchant armour
 h - 3 scrolls of identify
Potions
 j - a potion of might
 o - a potion of flight
Comestibles
 c - 4 chunks of flesh
 f - 2 bread rations
 i - 8 fruits
 k - 2 meat rations


   Skills:
 * Level 3.4 Fighting
 + Level 3.3 Long Blades
 - Level 1.7 Throwing
 + Level 1.5 Armour
 + Level 3.8 Dodging


You had 4 spell levels left.
You didn't know any spells.

Dungeon Overview and Level Annotations

Branches:
Dungeon (3/15)

Altars:
Cheibriados
Dithmenos
Gozag
Uskayaw
Vehumet


Innate Abilities, Weirdness & Mutations

You have a pair of antennae on your head.
You sometimes gain a little power by taking damage.


Message History

Something shocks you.
You miss something.
A sky beast appears from thin air!
Reactivating autopickup.
The sky beast hits you but does no damage.
You hit the sky beast.
The sky beast is severely wounded.
The sky beast hits you but does no damage.
You closely miss the sky beast.
The sky beast is severely wounded.
The sky beast hits you. The sky beast shocks you.
* * * LOW HITPOINT WARNING * * *
You barely miss the sky beast.
The sky beast is severely wounded.
The sky beast closely misses you.
You miss the sky beast.
The sky beast is severely wounded.
The sky beast hits you.
* * * LOW HITPOINT WARNING * * *
The sky beast shocks you.
You die...

#.......#
+.......########
#........รท.....### #
#......#######.#.. #.
#..>...'..# #.#.. #..
#......##.## #.#.. #...
#......##..###....
#....##(...............
#...Y@............####
#.................#...
#.................#...
###############..##...
############.##...
#...........(.#...
#.............####
#.............# #
#.............## #


You could see a sky beast.

Vanquished Creatures
  3 adders
  6 gnolls (D:2)
  4 worms
  3 dart slugs
  4 giant geckos
  3 orcs (D:3)
  A ball python (D:2)
  4 giant cockroaches
  9 goblins
  7 hobgoblins
  A quokka (D:3)
  4 bats
  A giant newt (D:1)
  10 kobolds
  7 rats
67 creatures vanquished.

Notes
Turn   | Place    | Note
-------+----------+-------------------------------------------
     0 | D:1      | matakusis the Demonspawn Gladiator began the quest for the Orb.
     0 | D:1      | Reached XP level 1. HP: 16/16 MP: 1/1
   243 | D:1      | Gained mutation: You have a pair of small antennae on your head. [demonic ancestry]
   243 | D:1      | Reached XP level 2. HP: 18/22 MP: 2/2
   507 | D:1      | Gained mutation: You have a pair of antennae on your head. [demonic ancestry]
   507 | D:1      | Reached XP level 3. HP: 23/28 MP: 3/3
  1229 | D:2      | Reached skill level 1 in Armour
  1232 | D:2      | Gained mutation: You sometimes gain a little power by taking damage. [demonic ancestry]
  1232 | D:2      | Reached XP level 4. HP: 19/34 MP: 4/4
  1554 | D:2      | Found a shadowy altar of Dithmenos.
  2390 | D:3      | Reached XP level 5. HP: 32/41 MP: 5/5
  2564 | D:3      | Found a hide-covered altar of Uskayaw.
  2566 | D:3      | Found a radiant altar of Vehumet.
  2592 | D:3      | Found a snail-covered altar of Cheibriados.
  2595 | D:3      | Found an opulent altar of Gozag.
  3003 | D:3      | Noticed a sky beast
  3017 | D:3      | HP: 2/41 [sky beast (5)]
  3017 | D:3      | Slain by a sky beast

Vault maps used:
D:1:      minmay_arrival_wavy_path
D:2:      marbit_many_paths
D:3:      nicolae_overflow_hidden_temple

Skill      XL: |  1  2  3  4 |
---------------+-------------+-----
Dodging        | 3 |  3.8
Long Blades    | 3 |  3.3
Armour         | 1 |  1.5
Fighting       | 3 |  3.4
Throwing       | |  1.7

Action                   |  1- 3 |  4- 6 || total
-------------------------+-------+-------++-------
Melee: Long sword        |    92 |   128 ||   220
  Use: Scroll            |       |     8 ||     8
 Stab: Sleeping          |     2 |       ||     2
  Eat: Chunk             |     1 |     6 ||     7
Armor: Leather armour    |    10 |    21 ||    31
Dodge: Dodged            |    45 |    79 ||   124
